 Dungeon Crawl Stone Soup version 0.14.1-1-g650416f (webtiles) character file.

110279 Heini the Executioner (level 16, -1/155 HPs)
             Began as a Hill Orc Fighter on May 1, 2014.
             Was the Champion of Okawaru.
             Blown up by orb spider (42 damage)
             ... with an orb of destruction
             ... on Level 4 of the Spider Nest.
             The game lasted 02:43:16 (32436 turns).

Heini the Executioner (Hill Orc Fighter)           Turns: 32436, Time: 02:43:16

HP  -1/155       AC 37     Str 26      XL: 16   Next: 46%
MP  26/26        EV  6     Int  8      God: Okawaru [******]
Gold 2939        SH  0     Dex 13      Spells:  0 memorised, 15 levels left

rFire  + + .     SeeInvis .     I - +6,+8 battleaxe "Yleism" {chop, rElec MR+}
rCold  . . .     Clarity  .     D - +4 crystal plate armour
rNeg   . . .     Conserve .     (no shield)
rPois  .         rCorr    .     f - +1 helmet
rElec  +         rRot     .     Z - +1 cloak "Lycek" {rF+ Stlth Curse}
SustAb . .       Spirit   .     d - +1 pair of gloves of Birdsong {rF+ Dam+4}
rMut   +         Warding  .     E - +1 pair of boots {run}
Saprov + . .     Stasis   .     t - amulet of resist mutation
MR     ++...                    O - ring of sustenance
                                v - +3 ring of dexterity

@: quick, very resistant to hostile enchantments, extremely unstealthy
A: carnivore 1, saprovore 1
a: Heroism, Finesse, Renounce Religion


You were on level 4 of the Spider Nest.
You worshipped Okawaru.
Okawaru was exalted by your worship.
You were not hungry.

You visited 5 branches of the dungeon, and saw 30 of its levels.
You visited 1 bazaar.
You also visited: Bailey and Ice Cave.

You collected 3056 gold pieces.
You spent 117 gold pieces at shops.

Inventory:

Hand weapons
 e - a +0,+3 war axe of flaming
 I - the +6,+8 battleaxe "Yleism" (weapon) {chop, rElec MR+}
   (Okawaru gifted it to you on level 9 of the Dungeon)

   It inflicts extra damage upon your enemies.
   It insulates you from electricity.
   It affects your resistance to hostile enchantments.
Armour
 d - the +1 pair of gloves of Birdsong (worn) {rF+ Dam+4}
   (Okawaru gifted it to you on level 3 of the Spider Nest)

   It affects your damage with ranged weapons and melee attacks (+4).
   It protects you from fire.
 f - a +1 helmet (worn)
 g - the +1 pair of boots "Zytawobu" {MR++ SInv}
   (You found it in a bailey)

   It affects your resistance to hostile enchantments.
   It enhances your eyesight.
 D - a +4 crystal plate armour (worn)
 E - a +1 pair of boots of running (worn)
 Z - the +1 cloak "Lycek" (worn) {rF+ Stlth Curse}
   (Okawaru gifted it to you on level 7 of the Lair of Beasts)

   It protects you from fire.
   It may recurse itself when equipped.
   It makes you more stealthy.
Magical devices
 m - a wand of fire (3)
 p - a wand of frost (10) {unknown}
 K - a wand of slowing (4)
 L - a wand of fireball (1)
 N - a wand of digging (23)
Comestibles
 A - 3 meat rations
 B - 8 bread rations
Scrolls
 h - 5 scrolls of blinking
 i - 2 scrolls of fear
 n - a scroll of magic mapping
 r - 4 scrolls of teleportation
 s - a scroll of identify
 u - 5 scrolls of remove curse
Jewellery
 c - an uncursed amulet of stasis
 l - an uncursed ring of protection from cold
 o - an uncursed ring of protection from fire {unknown}
 t - an amulet of resist mutation (around neck)
 v - a +3 ring of dexterity (left hand)
 H - an uncursed ring of sustain abilities
 J - an uncursed ring of invisibility
 O - a ring of sustenance (right hand)
Potions
 a - 5 potions of heal wounds
 b - 3 potions of resistance
 j - 5 potions of restore abilities
 k - 4 potions of brilliance
 z - 3 potions of agility
 Y - 3 potions of haste
Miscellaneous
 y - a plain deck of dungeons {Water}


   Skills:
 * Level 17.3 Fighting
 * Level 23.5 Axes
 * Level 14.6 Armour
   Level 3.2 Shields
 - Level 6.8 Invocations
 + Level 0.4 Evocations


You had 15 spell levels left.
You didn't know any spells.

Dungeon Overview and Level Annotations

Branches:
Dungeon (13/15)            Temple (1/1) D:4             Orc (4/4) D:9
    Elf (0/3) Orc:3          Lair (8/8) D:9          Shoals (0/5) Lair:6
 Spider (4/5) Lair:5        Slime (0/6) Lair:8       Vaults (0/5) D:13

Altars:
Ashenzari
Cheibriados
Dithmenos
Elyvilon
Fedhas
Kikubaaqudgha
Makhleb
Nemelex Xobeh
Okawaru
Sif Muna
Trog
Vehumet
Xom
Yredelemnul
Zin
The Shining One
Beogh
Jiyva

Shops:
D:9 !*(   D:12 :   Orc:3 }   Orc:4 *[=(

Annotations:
Lair:3 exclusion: oklob plant
Lair:6 exclusion: oklob plant


Innate Abilities, Weirdness & Mutations

You can tolerate rotten meat.
Your digestive system is specialised to digest meat.


Message History

The wolf spider bites you but does no damage.
You slash the wolf spider!
The wolf spider is heavily wounded.
The wolf spider hits you but does no damage.
The wolf spider bites you but does no damage.
You slice the wolf spider!!
You kill the wolf spider!
Okawaru accepts your kill.
You see here a wolf spider corpse.
The orb spider pulsates with a strange energy.
The orb spider weaves a glowing orb of energy.
The orb spider begins to weave its threads into a brightly glowing ball.
You slice the orb spider!!
You kill the orb spider!
Okawaru accepts your kill.
The orb spider weaves a glowing orb of energy.
The wavering orb of destruction hits you!
* * * LOW HITPOINT WARNING * * *
The orb of destruction hits you!
You die...

......................
......................
..............#.....?.
..............#........
.....^.^...§§§§≈# ....≈
......#...§^..^§# ....≈
.)...^#..§..^.^§##s#.#
......#..§....%.§^.≈#≈#
....^.≈..§.^....@....#
......#.............^#
.>....##..........^###
......<#.|........##
.......#≈..........#
........≈.#..%%...##
.#......≈#≈≈.≈^#≈≈#
.#......##≈≈#######
.#..#..# #≈#


You could see an orb spider.

Vanquished Creatures
  Arachne (Spider:3)
  Wiglaf (Spider:4)
  2 emperor scorpions
  An orc warlord (Orc:4)
  Azrael (Spider:3)
  Josephine (D:12)
  5 hydras
  Erica (D:11)
  3 orc high priests
  The ghost of Leibowitz the Ducker, an experienced DgEn (D:9)
  Nergalle (Lair:8)
  3 skeletal warriors (D:12)
  An unseen horror (D:11)
  6 orb spiders
  Pikel (D:7)
  A lindwurm (Lair:8)
  A hill giant (D:12)
  Joseph (D:7)
  A red wasp (Spider:4)
  5 orc sorcerers
  A cyclops (Orc:4)
  A sixfirhy (Orc:2)
  4 orc knights (Orc:4)
  An oklob plant (Lair:7)
  4 griffons
  18 wolf spiders
  A mermaid (Lair:6)
  17 elephants
  6 black mambas
  2 feature mimics
  2 gargoyles
  Psyche (D:13)
  12 spiny frogs
  8 komodo dragons
  2 fire drakes
  11 demonic crawlers
  2 centaur skeletons (D:12)
  A queen bee (Lair:4)
  9 jumping spiders
  2 blue devils
  A two-headed ogre (Orc:3)
  4 giant fireflies (Lair:8)
  5 trolls
  A red devil (Orc:4)
  A tengu conjurer (D:13)
  A polar bear (Lair:5)
  3 giant leeches (Lair:8)
  Prince Ribbit (D:7)
  12 blink frogs
  2 boulder beetles
  A snapping turtle (shapeshifter) (D:13)
  A basilisk (Lair:1)
  A brown ooze (shapeshifter) (D:13)
  4 ravens
  A hill giant zombie (D:12)
  9 sharks
  A spriggan (shapeshifter) (D:13)
  8 trapdoor spiders
  3 fire elementals (Spider:3)
  28 yaks
  3 grizzly bears
  10 tarantellas
  A wandering mushroom (Lair:7)
  27 redbacks
  6 vampire mosquitoes
  A deep elf mage (D:11)
  2 wyverns
  6 elephant slugs
  A ynoxinul (Orc:4)
  Grum (D:13)
  4 ugly things (D:12)
  A hungry ghost (D:9)
  10 hippogriffs
  Edmund (D:7)
  A centaur simulacrum (D:12)
  A hill giant skeleton (D:12)
  24 wolves
  11 water moccasins
  A necrophage (D:7)
  A mottled dragon (D:11)
  2 slaves (D:7)
  A soldier ant (D:12)
  A yellow wasp (Spider:3)
  3 hell hounds
  5 porcupines
  2 sky beasts (D:8)
  2 black bears
  37 orc warriors
  30 spiders
  A phantom (D:8)
  18 ice beasts
  A manticore zombie (D:9)
  5 giant goldfish
  A manticore skeleton (D:12)
  13 centaurs
  4 brain worms (Lair:8)
  10 crocodiles
  8 ogres
  15 giant slugs
  Blork the orc (D:4)
  16 giant frogs
  A yaktaur skeleton (D:12)
  5 scorpions
  2 eyes of draining
  2 water moccasin skeletons
  A yak skeleton (D:9)
  4 electric eels
  32 killer bees
  A quasit (D:11)
  4 goliath beetles
  4 hounds
  A centaur zombie (D:9)
  6 crimson imps
  10 iguanas
  4 jellies
  A giant frog skeleton (D:6)
  32 orc priests
  4 big fish
  39 orc wizards
  Natasha (thrice) (D:4)
  19 sheep
  9 worker ants
  Ijyb (D:4)
  A mottled dragon zombie (D:8)
  A big kobold skeleton (D:6)
  2 mummies (D:11)
  24 adders
  8 gnolls
  2 orc zombies (Orc:4)
  A giant mite (Spider:2)
  An orc skeleton (D:9)
  An inept item mimic (D:2)
  2 shadow imps
  18 green rats
  A goliath beetle zombie (D:12)
  A white imp (D:4)
  25 worms
  3 ufetubi (Orc:4)
  An adder skeleton (D:7)
  2 giant geckos
  An ooze (D:2)
  184 orcs
  4 giant cockroaches
  11 hobgoblins
  26 jackals
  15 kobolds
  13 quokkas
  24 bats
  6 giant newts
  30 goblins
  A goblin skeleton (D:4)
  A hobgoblin skeleton (D:6)
  A jackal skeleton (D:4)
  A quokka skeleton (D:4)
  16 rats
  2 rat skeletons
  7 fungi
  9 plants
1151 creatures vanquished.

Vanquished Creatures (others)
  An ogre (D:7)
  A crimson imp (D:7)
  An orc wizard (Orc:4)
  A worker ant (D:7)
  6 fungi
  4 plants (Lair:8)
14 creatures vanquished.

Grand Total: 1165 creatures vanquished

Notes
Turn   | Place    | Note
--------------------------------------------------------------
     0 | D:1      | Heini, the Hill Orc Fighter, began the quest for the Orb.
     0 | D:1      | Reached XP level 1. HP: 19/19 MP: 1/1
   501 | D:1      | Reached XP level 2. HP: 27/27 MP: 2/2
  1059 | D:2      | Reached skill level 4 in Fighting
  1059 | D:2      | Reached XP level 3. HP: 19/33 MP: 3/3
  1530 | D:2      | Reached XP level 4. HP: 33/40 MP: 4/4
  2259 | D:3      | Reached XP level 5. HP: 33/47 MP: 5/5
  3026 | D:3      | Reached skill level 5 in Armour
  3195 | D:3      | Reached skill level 5 in Axes
  3446 | D:4      | Noticed Blork the orc
  3456 | D:4      | Killed Blork the orc
  3456 | D:4      | Reached skill level 5 in Fighting
  3456 | D:4      | Reached XP level 6. HP: 24/56 MP: 6/6
  3733 | D:4      | Found a staircase to the Ecumenical Temple.
  3734 | D:4      | Noticed Natasha
  3747 | D:4      | Killed Natasha
  3767 | D:4      | Noticed Ijyb
  3784 | Temple   | Entered the Ecumenical Temple
  3845 | Temple   | Became a worshipper of Warmaster Okawaru
  3896 | D:4      | Noticed Natasha
  4177 | D:4      | Killed Natasha
  4207 | D:4      | Reached skill level 6 in Axes
  4247 | D:4      | Killed Ijyb
  4247 | D:4      | Reached XP level 7. HP: 61/61 MP: 7/7
  4252 | D:4      | Noticed a centaur
  4265 | D:4      | Killed a centaur
  4271 | D:4      | Identified the Catalogue of Lightness
  4374 | D:4      | Acquired Okawaru's first power
  4578 | D:4      | Noticed Natasha
  4583 | D:4      | Killed Natasha
  4627 | D:5      | Entered Level 5 of the Dungeon
  4729 | D:5      | Reached skill level 7 in Axes
  4974 | D:5      | Reached XP level 8. HP: 49/71 MP: 8/8
  5307 | D:4      | Reached skill level 8 in Axes
  5475 | D:6      | Found a glowing golden altar of the Shining One.
  5695 | D:7      | Reached skill level 9 in Axes
  5733 | D:7      | Noticed Joseph
  5734 | D:7      | Noticed Prince Ribbit
  5735 | D:7      | Noticed Edmund
  5758 | D:7      | Killed Edmund
  5787 | D:7      | Killed Joseph
  5787 | D:7      | Reached skill level 10 in Axes
  5787 | D:7      | Reached XP level 9. HP: 29/81 MP: 9/9
  5912 | D:7      | Killed Prince Ribbit
  6231 | D:7      | Found a burning altar of Makhleb.
  6234 | D:7      | Noticed Pikel
  6249 | D:7      | Killed Pikel
  6249 | D:7      | Reached skill level 11 in Axes
  6833 | D:8      | Gained mutation: Your digestive system is specialised to digest meat. [potion of beneficial mutation]
  6885 | D:8      | Reached skill level 12 in Axes
  6885 | D:8      | Reached XP level 10. HP: 78/91 MP: 10/10
  6926 | D:8      | Acquired Okawaru's second power
  7067 | D:8      | Found a bloodstained altar of Trog.
  7550 | D:9      | Found Crongoyk's Assorted Antiques.
  7688 | D:9      | Found a staircase to the Lair.
  7717 | D:9      | Noticed Leibowitz's ghost (experienced DgEn)
  7725 | D:9      | Found Klossapp's Distillery.
  7749 | D:9      | Killed Leibowitz's ghost
  7749 | D:9      | Reached skill level 10 in Fighting
  7749 | D:9      | Reached skill level 13 in Axes
  8288 | D:9      | Found a shimmering altar of Xom.
  8607 | D:9      | Found a staircase to the Orcish Mines.
  8623 | D:9      | Found Tedim's Weapon Boutique.
  8646 | D:9      | Found a roughly hewn altar of Beogh.
  8890 | D:9      | Received a gift from Okawaru
  8893 | D:9      | Got a crystal battleaxe {god gift}
  8900 | D:9      | Identified the +6,+8 battleaxe "Yleism" {chop, rElec MR+} (Okawaru gifted it to you on level 9 of the Dungeon)
  9037 | Lair:1   | Entered Level 1 of the Lair of Beasts
  9065 | Lair:1   | Reached skill level 14 in Axes
  9079 | Lair:1   | Noticed a black mamba
  9087 | Lair:1   | Reached skill level 10 in Armour
  9087 | Lair:1   | Reached XP level 11. HP: 80/101 MP: 11/11
  9094 | Lair:1   | Killed a black mamba
  9113 | Lair:1   | Identified the Volume of Malediction
  9421 | Orc:1    | Entered Level 1 of the Orcish Mines
  9429 | Orc:1    | HP: 5/101 [orc priest/trident (3)]
 10759 | Orc:3    | Found a staircase to the Elven Halls.
 11028 | Orc:3    | Reached skill level 15 in Axes
 11040 | Orc:3    | Received a gift from Okawaru
 11498 | Orc:2    | Noticed an orc high priest
 11513 | Orc:2    | Noticed an ice devil
 11779 | Orc:3    | Noticed an ice devil
 11780 | Orc:3    | Killed an orc high priest
 12168 | Orc:3    | Found Gruafaam's Gadget Boutique.
 12269 | Orc:4    | Entered Level 4 of the Orcish Mines
 12269 | Orc:4    | Found a flickering gateway to a bazaar.
 12270 | Orc:4    | Noticed an orc knight
 12276 | Bazaar   | Entered a bazaar
 12278 | Bazaar   | Found Imehuh Klai's Gadget Emporium.
 12300 | Bazaar   | Found Moho's Book Shop.
 12331 | Bazaar   | Found Munant's Antique Armour Shoppe.
 12338 | Bazaar   | Found Deir's Weapon Boutique.
 12371 | Bazaar   | Bought a cloak for 117 gold pieces
 12401 | Orc:4    | Killed an orc knight
 12713 | Orc:4    | Noticed an orc high priest
 12764 | Orc:4    | Noticed a sun demon
 13335 | Orc:4    | Reached skill level 16 in Axes
 13355 | Orc:4    | Reached XP level 12. HP: 101/112 MP: 12/12
 13766 | Orc:4    | Noticed an orc warlord
 13772 | Orc:4    | Noticed an orc knight
 13971 | Orc:4    | Killed an orc high priest
 14133 | Orc:4    | Noticed an orc knight
 14143 | Orc:4    | Killed an orc knight
 14179 | Orc:4    | Killed an orc knight
 14202 | Orc:4    | Noticed an orc knight
 14214 | Orc:4    | Killed an orc knight
 14301 | Orc:4    | Noticed an orc high priest
 14304 | Orc:4    | Noticed an orc high priest
 14572 | Orc:3    | Received a gift from Okawaru
 14743 | Lair:1   | Reached skill level 17 in Axes
 15082 | Lair:2   | Reached skill level 1 in Invocations
 16509 | Lair:3   | Found a burning altar of Makhleb.
 17282 | Lair:4   | Reached XP level 13. HP: 116/122 MP: 20/20
 17745 | Lair:4   | Reached skill level 18 in Axes
 17992 | Lair:5   | Found a hole to the Spider Nest.
 18646 | Lair:6   | Received a gift from Okawaru
 18651 | Lair:6   | Got a transparent battleaxe {god gift}
 18897 | Lair:6   | Identified the +5,-1 battleaxe of Bankruptcy {chop, Dex+3} (Okawaru gifted it to you on level 6 of the Lair of Beasts)
 19273 | Lair:6   | Reached skill level 5 in Invocations
 19298 | Lair:6   | Received a gift from Okawaru
 19849 | Lair:6   | Reached skill level 19 in Axes
 19922 | Lair:6   | Found a staircase to the Shoals.
 20899 | Lair:7   | Received a gift from Okawaru
 20900 | Lair:7   | Got a slimy cloak {god gift}
 20905 | Lair:7   | Identified the +1 cloak "Lycek" {rF+ Stlth Curse} (Okawaru gifted it to you on level 7 of the Lair of Beasts)
 21089 | Lair:7   | Reached XP level 14. HP: 132/132 MP: 23/23
 21805 | Lair:8   | Entered Level 8 of the Lair of Beasts
 21835 | Lair:8   | Reached skill level 20 in Axes
 21938 | Lair:8   | Found a staircase to the Slime Pits.
 21939 | Lair:8   | Found a viscous altar of Jiyva.
 22025 | Lair:8   | Noticed Nergalle
 22035 | Lair:8   | Killed Nergalle
 22853 | Lair:8   | Received a gift from Okawaru
 22859 | Lair:8   | Got a heavily runed ring mail {god gift}
 22876 | Lair:8   | Identified the +4 ring mail of Bedevilment {Int-3} (Okawaru gifted it to you on level 8 of the Lair of Beasts)
 22960 | Lair:8   | Reached skill level 15 in Fighting
 23743 | Orc:4    | Found Aqast's Antique Armour Shoppe.
 23745 | Orc:4    | Found Wiamn's Antique Weapon Emporium.
 23754 | Orc:4    | Killed an orc warlord
 23768 | Orc:4    | Found Sairroez's General Store.
 23768 | Orc:4    | Found Broq's Jewellery Shoppe.
 23769 | Orc:4    | Reached skill level 21 in Axes
 23908 | Orc:4    | Killed an orc high priest
 24195 | D:10     | Entered Level 10 of the Dungeon
 24350 | D:10     | You fall through a shaft!
 24557 | D:11     | Noticed Erica
 24562 | D:11     | Killed Erica
 24578 | D:11     | Identified the Tome of Hurtful Air
 24583 | D:11     | Found a frozen archway.
 24596 | D:11     | Reached XP level 15. HP: 138/141 MP: 25/25
 24609 | IceCv    | Entered an ice cave
 25342 | D:12     | Received a gift from Okawaru
 25649 | D:12     | Noticed Josephine
 25660 | D:12     | Killed Josephine
 26076 | D:12     | Found Savvy's Book Emporium.
 26709 | D:13     | Found a flagged portal.
 26731 | Bailey   | Entered a bailey
 27040 | Bailey   | Got a pair of faintly glowing boots
 27045 | Bailey   | Identified the cursed +1 pair of boots "Zytawobu" {MR++ SInv} (You found it in a bailey)
 27537 | D:13     | Noticed Grum
 27549 | D:13     | Killed Grum
 27603 | D:13     | Noticed Psyche
 27609 | D:13     | Killed Psyche
 27728 | D:13     | Found an ancient bone altar of Kikubaaqudgha.
 27735 | D:13     | Identified a scroll of acquirement
 27749 | D:13     | Reached skill level 22 in Axes
 27816 | D:13     | Found a gate to the Vaults.
 28304 | Spider:1 | Entered Level 1 of the Spider Nest
 29175 | Spider:1 | Received a gift from Okawaru
 29385 | Spider:2 | Identified a +1 pair of boots of running (You found it on level 2 of the Spider Nest)
 30214 | Spider:3 | Noticed Azrael
 30549 | Spider:3 | Killed Azrael
 30556 | Spider:3 | Reached XP level 16. HP: 75/152 MP: 26/26
 30913 | Spider:3 | Noticed Arachne
 30933 | Spider:3 | Killed Arachne
 30933 | Spider:3 | Reached skill level 23 in Axes
 31411 | Spider:3 | Received a gift from Okawaru
 31412 | Spider:3 | Got a pair of pitted gloves {god gift}
 31416 | Spider:3 | Identified the +1 pair of gloves of Birdsong {rF+ Dam+4} (Okawaru gifted it to you on level 3 of the Spider Nest)
 32317 | Spider:4 | Noticed Wiglaf
 32327 | Spider:4 | Killed Wiglaf
 32436 | Spider:4 | Blown up by orb spider

Action                   |  1- 3 |  4- 6 |  7- 9 | 10-12 | 13-15 | 16-18 || total
-------------------------+-------+-------+-------+-------+-------+-------++-------
Melee: War axe           |   116 |   177 |   255 |   174 |    31 |       ||   753
       Battleaxe         |       |       |       |   574 |  1234 |   146 ||  1954
Invok: Heroism           |       |       |       |     2 |       |     1 ||     3
       Finesse           |       |       |       |       |     1 |     1 ||     2
Evoke: Wand              |       |       |     1 |       |    20 |     1 ||    22
  Use: Scroll            |       |    12 |     7 |     7 |    28 |     1 ||    55
       Potion            |       |       |     2 |     3 |     3 |     4 ||    12
 Stab: Held in net/web   |       |       |       |       |     1 |       ||     1
